 Dungeon Crawl Stone Soup version 0.27.1-15-g792fb953b9 (webtiles) character file.

Game seed: 5634908766617969262

178 bearlyready the Insei (level 5, -2/33 HPs)
             Began as an Octopode Transmuter on Nov 20, 2021.
             Slain by a kobold brigand (3 damage)
             ... on level 4 of the Dungeon.
             The game lasted 00:05:03 (3900 turns).

bearlyready the Insei (Octopode Transmuter)         Turns: 3900, Time: 00:05:04

Health: -2/33      AC:  1    Str:  6 (9)  XL:     5   Next: 58%
Magic:  8/8        EV: 13    Int: 21 (22) God:
Gold:   81         SH:  0    Dex: 11 (13) Spells: 2/8 levels left

rFire    . . .     SeeInvis +     - Unarmed
rCold    . . .     Faith    .   (no shield)
rNeg     . . .     Spirit   .   (helmet restricted)
rPois    .         Reflect  .   (no amulet)
rElec    .         Harm     .   h - +6 ring of intelligence
rCorr    .         Rampage  .   j - ring of see invisible
Will     .....                  (no ring)
Stlth    ++........             (no ring)
HPRegen  0.11/turn              (no ring)
MPRegen  0.11/turn              (no ring)
                                (no ring)
                                (no ring)

@: mighty, lethally poisoned (-2 -> -7), hasted and slowed
A: almost no armour, amphibious, 8 rings, camouflage 1, gelatinous body 1,
(nimble swimmer 1), tentacles
a: no special abilities


You were on level 4 of the Dungeon.
You visited 2 branches of the dungeon, and saw 5 of its levels.

You collected 81 gold pieces.

Inventory:

Missiles
 i - 5 boomerangs
Armour
 l - a +0 tower shield
Jewellery
 h - a +6 ring of intelligence (left tentacle)
 j - a ring of see invisible (right tentacle)
 q - a ring of flight
Wands
 p - a wand of iceblast (11)
Scrolls
 a - a scroll of torment {unknown}
 d - 3 scrolls of teleportation {unknown}
 e - 3 scrolls of amnesia {unknown}
 k - a scroll of noise {unknown}
 n - a scroll of enchant weapon {unknown}
 o - 4 scrolls of identify {unknown}
Potions
 b - a potion of resistance {unknown}
 c - a potion of might
 f - a potion of degeneration
 g - 2 potions of curing {unknown}
 m - a potion of haste


   Skills:
 - Level 1.0 Fighting
 + Level 1.4 Throwing
 - Level 2.0 Dodging
 + Level 0.8 Stealth
 + Level 4.2 Unarmed Combat
 - Level 2.0 Spellcasting
 + Level 3.5 Transmutations
 + Level 2.3 Poison Magic


You had 2 spell levels left.
You knew the following spells:

 Your Spells              Type           Power      Damage    Failure   Level
a - Beastly Appendage     Tmut           32%        N/A       3%          1
b - Wereblood             Tmut           16%        N/A       5%          2
c - Spider Form           Tmut/Pois      7%         N/A       13%         3

Your spell library contained the following spells:

 Spells                   Type           Power      Damage    Failure   Level
 Passwall                 Tmut/Erth      7%         N/A       11%         2
 Apportation              Tloc           4%         N/A       14%         1
 Sandblast                Erth           4%         2d4       14%         1
 Stone Arrow              Conj/Erth      4%         3d7       41%         3
 Ice Form                 Ice/Tmut       9%         N/A       56%         4
 Alistair's Intoxication  Tmut/Pois      9%         N/A       77%         5
 Lee's Rapid Deconstruct  Erth           1%         3d5*      99%         5
 Invisibility             Hex            1%         N/A       100%        6
 Lehudib's Crystal Spear  Conj/Erth      1%         10d2      100%        8
 Animate Armour           Summ/Erth      Unusable   N/A       N/A         4

Dungeon Overview and Level Annotations

Branches:
Dungeon (4/15)             Temple (1/1) D:4

Altars:
Ashenzari
Cheibriados
Fedhas
Hepliaklqana
Kikubaaqudgha
Makhleb
Nemelex Xobeh
Okawaru
Qazlal
Trog
Wu Jian
Xom
The Shining One


Innate Abilities, Weirdness & Mutations

You cannot wear most types of armour.
You are amphibious.
You can wear up to eight rings at the same time.
Your skin changes colour to match your surroundings (Stealth+).
Your rubbery body absorbs attacks. (AC +1, EV +1)
((You are camouflaged near water. (Stealth+)))
You have tentacles for arms and can constrict up to eight enemies at once.


Message History

Found a scroll labelled QEARA ZOTIGOF.
q - a ring of flight A kobold brigand comes into view.
It is wielding a +0 dagger and quivering curare-tipped darts.
The kobold brigand shouts!
A kobold brigand is nearby!
A kobold brigand is nearby!
A kobold brigand is nearby!
Found 15 gold pieces.
The kobold brigand throws a curare-tipped dart.
The curare-tipped dart hits you.
You are poisoned.
You have difficulty breathing.
You feel yourself slow down.
You see here a scroll labelled QEARA ZOTIGOF.
You feel sick.
The kobold brigand throws a curare-tipped dart.
The curare-tipped dart hits you.
You are more poisoned.
You have difficulty breathing.
You feel as though you will be slow longer.
Casting: Spider Form (quite dangerous; 12% risk of failure)
Confirm with . or Enter, or press ? or * to list all spells.
The spell is quite dangerous to cast (12% risk of failure)!
Continue anyway?
Okay, then.
Unknown command.
It was a potion of might.
You feel very mighty all of a sudden.
You feel very sick.
The kobold brigand hits you with a +0 dagger.
* * * LOW HITPOINT WARNING * * *
It was a potion of degeneration.
There was something very wrong with that liquid.
You feel weakened.
You feel dopey.
You feel clumsy.
* * * LOW HITPOINT WARNING * * *
You feel very sick. The kobold brigand misses you.
It was a potion of haste.
You feel yourself speed up.
* * * LOW HITPOINT WARNING * * *
You feel sick.
The kobold brigand hits you with a +0 dagger.
You die...

# ## .#.. ##.
... .##..
#### #.. ....
##..# #.#
#..# ##.>#. #
#K#
#..###..###
#. ##@#
#.....##
#..#?##
#....##
#....##
##..##
#..##..###
###.## ##$
##...###...##
#
##.........#
##...####..#
#..## #..#
#.<# ....


You could see a kobold brigand.

Vanquished Creatures
  A bullfrog (D:3)
  5 adders
  2 worms (D:4)
  A dart slug (D:3)
  An orc (D:3)
  4 ball pythons
  7 bats
  5 endoplasms
  2 giant cockroaches
  5 hobgoblins
  6 jackals (D:2)
  4 quokkas
  5 frilled lizards
  2 goblins
  7 kobolds
  4 rats
61 creatures vanquished.

Notes
Turn   | Place    | Note
-------+----------+-------------------------------------------
     0 | D:1      | bearlyready the Octopode Transmuter began the quest for the
                  | Orb.
     0 | D:1      | Reached XP level 1. HP: 13/13 MP: 3/3
   309 | D:1      | Reached XP level 2. HP: 17/18 MP: 5/5
   393 | D:1      | Found a faded altar of an unknown god.
   394 | D:1      | Noticed an eye of devastation
   397 | D:1      | Noticed an eye of devastation
   410 | D:1      | Noticed an eye of devastation
   637 | D:1      | Noticed a floating eye
  1043 | D:1      | Learned a level 2 spell: Wereblood
  1098 | D:1      | Reached XP level 3. HP: 11/23 MP: 4/6
  1128 | D:1      | Learned a level 3 spell: Spider Form
  1433 | D:2      | Reached skill level 1 in Poison Magic
  1518 | D:2      | Reached XP level 4. HP: 23/28 MP: 3/7
  2424 | D:3      | Noticed a bullfrog
  2433 | D:3      | Killed a bullfrog
  2434 | D:3      | Reached skill level 1 in Throwing
  2434 | D:3      | Reached skill level 4 in Unarmed Combat
  2434 | D:3      | Reached XP level 5. HP: 29/33 MP: 4/8
  3262 | D:4      | Found a staircase to the Ecumenical Temple.
  3290 | Temple   | Entered the Ecumenical Temple
  3895 | D:4      | Noticed a kobold brigand
  3900 | D:4      | HP: 1/33 [poisoned by a kobold brigand (curare-tipped
                  | dart)]
  3900 | D:4      | Slain by a kobold brigand

Illustrated notes

Levels and vault maps discovered:
D:1:      psy_arrival_radial01, layout_basic,
          hellmonk_ecumenical_altar_watching_god
D:2:      layout_basic
D:3:      layout_loops_cross
D:4:      layout_layer_cave, minmay_temple_entry_large_hall
Temple:   nicolae_temple_figure_eight

Skill      XL: |  1  2  3  4 |
---------------+-------------+-----
Transmutations | 3 |  3.5
Poison Magic   | 1 2 |  2.3
Throwing       | 1 |  1.4
Unarmed Combat | 4 |  4.2
Fighting       | |  1.0
Dodging        | |  2.0
Stealth        | |  0.8
Spellcasting   | |  2.0

Action                   |  1- 3 |  4- 6 || total
-------------------------+-------+-------++-------
Melee: Unarmed           |    84 |    66 ||   150
       Constrict         |    19 |     7 ||    26
       Tentacles         |     9 |     3 ||    12
       Punch             |       |     1 ||     1
 Cast: Beastly Appendage |     1 |       ||     1
       Spider Form       |     4 |     7 ||    11
  Use: Potion            |       |     3 ||     3
 Stab: Sleeping          |     3 |     5 ||     8
Armor: Skin              |    12 |     1 ||    13
Dodge: Dodged            |    53 |    44 ||    97
